AoeStats
← v_nico

Oasis

509176585Analyzed
3v3 RM · 6d ago on Sep 25, 2026· 43m 48s· 6 players
Game mode
Random Map
Map size
Normal (6 player)
Population
200
Speed
Normal
Resources
Standard
Victory
Conquest
Starting age
Dark Age
Ending age
Imperial Age
RankedLock teamsTeams togetherTeam positionsShared explorationLock speedFull tech treeHidden civsTurbo modeCheats
Victory
Defeat
🇺🇸 Sicilians · United States
788
+19
🇦🇹 Italians · Austria
786
+20
🇩🇪 Danes · Germany
724
+22
🇫🇷 Franks · France
941
-81
🇫🇷 Celts · France
904
-45
🇫🇷 Bohemians · France
741
-15
maioo
2:34 Loom
11:02 Feudal Age
11:57 Horse Collar
12:06 Double-Bit Axe
16:00 Gold Mining
21:38 Castle Age
22:27 Stone Mining
22:40 Heavy Plow
22:54 Bow Saw
22:39 Fletching
23:28 Gold Shaft Mining
25:40 Scale Mail Armor
25:51 Forging
25:08 Hamask
27:08 Bodkin Arrow
27:18 Arson
27:35 Squires
28:17 Town Watch
32:15 Wheelbarrow
32:53 Caravan
35:41 Imperial Age
35:09 Iron Casting
34:49 Chain Mail Armor
37:14 Conscription
37:24 Hand Cart
37:59 Stone Shaft Mining
40:07 Bracer
41:07 Blast Furnace
40:38 Plate Mail Armor
39:37 Elite Jomsviking
42:07 Northmen's Fury
Not at work4898
10:39 Feudal Age
11:06 Loom
11:38 Double-Bit Axe
12:22 Horse Collar
23:36 Man-at-Arms
28:33 Castle Age
27:10 Padded Archer Armor
28:22 Fletching
30:34 Leather Archer Armor
30:15 Bodkin Arrow
29:55 Crossbowman
33:19 Ballistics
37:19 Imperial Age
36:00 Silk Road
36:01 Murder Holes
36:01 Town Watch
39:06 Chemistry
38:57 Heavy Plow
40:00 Bow Saw
41:22 Arbalester
44:16 Thumb Ring
Covert_Coati
3:02 Loom
11:40 Feudal Age
17:16 Castle Age
16:07 Double-Bit Axe
21:35 Arson
28:53 Bow Saw
31:02 Fletching
31:13 Scale Mail Armor
34:13 Imperial Age
36:34 Wheelbarrow
35:45 Town Watch
35:28 Cavalier
36:20 Bloodlines
35:37 Cranequins
maxitotor
12:01 Feudal Age
12:39 Double-Bit Axe
21:31 Castle Age
20:43 Stone Mining
20:43 Gold Mining
22:15 Padded Archer Armor
22:34 Bow Saw
29:37 Town Watch
30:28 Wheelbarrow
32:13 Gold Shaft Mining
32:37 Town Patrol
34:17 Stone Shaft Mining
34:14 Hand Cart
33:46 Loom
34:34 Coinage
35:38 Horse Collar
37:40 Heavy Plow
38:30 Fletching
40:13 Leather Archer Armor
42:27 Scale Mail Armor
42:37 Forging
42:23 Bodkin Arrow
42:33 Scale Barding Armor
v_nico
11:01 Feudal Age
13:02 Double-Bit Axe
13:41 Horse Collar
19:58 Fletching
20:09 Padded Archer Armor
20:14 Scale Barding Armor
25:02 Castle Age
27:30 Bow Saw
38:33 Imperial Age
76LHVivi
11:48 Feudal Age
12:16 Town Watch
14:29 Wheelbarrow
13:42 Loom
14:20 Double-Bit Axe
20:26 Man-at-Arms
26:00 Castle Age
26:25 Gold Mining
26:26 Stone Mining
28:55 Caravan
Connection lost

Rejoining the realm…

Still unreachable

The connection could not be restored.

Session expired

The server has moved on; the page needs a fresh start.